 Dungeon Crawl Stone Soup version 0.25.0-46-gbd7b0854d2 (webtiles) character file.

Game seed: 6631668976028922474

248 Milting the Firebug (level 5, -2/42 HPs)
             Began as a Draconian Fire Elementalist on July 11, 2020.
             Slain by Duvessa
             ... wielding a +0 rapier
              (10 damage)
             ... on level 4 of the Dungeon on July 12, 2020.
             The game lasted 00:20:28 (3689 turns).

Milting the Firebug (Draconian Fire Elementalist)   Turns: 3689, Time: 00:20:29

Health: -2/42      AC:  6    Str: 10    XL:     5   Next: 86%
Magic:  7/9        EV: 12    Int: 16    God:
Gold:   197        SH:  0    Dex: 12    Spells: 9/10 levels left

rFire    . . .     SeeInvis .   f - +1 whip (drain)
rCold    . . .     Gourm    .   (no shield)
rNeg     . . .     Faith    .   (armour unavailable)
rPois    .         Spirit   .   (helmet restricted)
rElec    .         Reflect  .   (no cloak)
rCorr    .         Harm     .   (no gloves)
MR       .....                  n - +0 pair of boots
Stlth    ++........             a - amulet of magic regeneration
HPRegen  0.14/turn              (no ring)
MPRegen  0.36/turn              (no ring)

@: lethally poisoned (-2 -> -16), very slightly contaminated
A: unfitting armour, cold-blooded, AC +5
a: no special abilities


You were on level 4 of the Dungeon.
You were not hungry.

You visited 1 branch of the dungeon, and saw 4 of its levels.

You collected 197 gold pieces.

Inventory:

Hand Weapons
 f - a +1 whip of draining (weapon)
 m - a +0 hunting sling
Missiles
 d - 89 arrows
 g - 120 stones (quivered)
Armour
 n - a +0 pair of boots (worn)
Jewellery
 a - an amulet of magic regeneration (around neck)
 j - a cursed amulet of inaccuracy {unknown}
Scrolls
 c - 2 scrolls of teleportation {unknown}
 h - a scroll of enchant weapon {unknown}
 i - a scroll of noise {unknown}
 k - a scroll of identify {unknown}
 p - a scroll of blinking {unknown}
 s - a scroll of enchant armour {unknown}
 t - a scroll of remove curse {unknown}
Potions
 e - a potion of ambrosia {unknown}
 o - a potion of curing {unknown}
 q - 2 potions of flight {unknown}
 r - a potion of heal wounds
Comestibles
 b - 11 rations
 l - 2 chunks of flesh


   Skills:
 + Level 2.6 Fighting
 - Level 1.7 Dodging
 - Level 1.7 Stealth
 + Level 3.1 Spellcasting
 * Level 3.2 Conjurations
 * Level 4.3 Fire Magic


You had 9 spell levels left.
You knew the following spells:

 Your Spells              Type           Power        Failure   Level  Hunger
a - Foxfire               Conj/Fire      ##..         4%          1    #......

Your spell library contained the following spells:

 Spells                   Type           Power        Failure   Level  Hunger
 Conjure Flame            Conj/Fire      ##......     12%         3    ###....
 Inner Flame              Hex/Fire       #.......     22%         3    ###....
 Sticky Flame             Conj/Fire      ##......     36%         4    #####..
 Fireball                 Conj/Fire      ##........   73%         5    ######.


Dungeon Overview and Level Annotations

Branches:
Dungeon (4/15)
 Temple: D:4-7

Altars:
Cheibriados
Makhleb
Nemelex Xobeh
Okawaru
Trog
Yredelemnul
Zin
The Shining One

Annotations:
D:4 Dowan, Duvessa


Innate Abilities, Weirdness & Mutations

Your plain brown scales are hard. (AC +5)
You cannot fit into any form of body armour.
You are cold-blooded and may be slowed by cold attacks.


Message History

You are more poisoned.
The worker ant poisons you!
A scorpion comes into view.
* * * LOW HITPOINT WARNING * * *
You feel sick.
The foxfire hits the worker ant.
You kill the worker ant!
The foxfire hits the ogre but does no damage.
You feel much better.
You feel sick.
The ogre hits you with a +0 giant spiked club!
* * * LOW HITPOINT WARNING * * *
* * * LOW HITPOINT WARNING * * *
You feel sick.
* * * LOW HITPOINT WARNING * * *
You feel sick.
Casting: Foxfire (safe; 4% risk of failure)
Confirm with . or Enter, or press ? or * to list all spells.
You conjure some foxfire!
* * * LOW HITPOINT WARNING * * *
You feel sick. The ogre misses you. Duvessa hits you with a +0 rapier!
You die...

.............
#...........
#..#........
#...........
####..........#
##..s..†.......#
#....†...#######
#ve......#
#@O......#
##########


You could see Duvessa, an ogre and a scorpion.

Vanquished Creatures
  A scorpion (D:4)
  A worker ant (D:4)
  A hound zombie (D:4)
  9 adders
  An ooze (D:2)
  A worm (D:2)
  2 dart slugs (D:1)
  An orc (D:4)
  A ball python (D:1)
  9 bats
  10 goblins
  9 hobgoblins
  6 jackals
  7 kobolds
  2 quokkas
  2 frilled lizards
  10 rats
73 creatures vanquished.

Vanquished Creatures (collateral kills)
  A frilled lizard (D:2)
1 creature vanquished.

Vanquished Creatures (others)
  139 foxfires
139 creatures vanquished.

Grand Total: 213 creatures vanquished

Notes
Turn   | Place    | Note
-------+----------+-------------------------------------------
     0 | D:1      | Milting the Draconian Fire Elementalist began the quest for
                  | the Orb.
     0 | D:1      | Reached XP level 1. HP: 14/14 MP: 3/3
     6 | D:1      | Upgraded the game from 0.25.0-45-g978344163c to
                  | 0.25.0-46-gbd7b0854d2
   430 | D:1      | Reached XP level 2. HP: 22/22 MP: 3/5
   656 | D:1      | Reached skill level 1 in Fighting
  1237 | D:2      | Reached XP level 3. HP: 28/28 MP: 2/6
  1372 | D:2      | Found an iron altar of Okawaru.
  1375 | D:2      | Found a sparkling altar of Nemelex Xobeh.
  1392 | D:2      | Found a snail-covered altar of Cheibriados.
  1401 | D:2      | Found a bloodstained altar of Trog.
  1851 | D:2      | Reached XP level 4. HP: 36/36 MP: 5/8
  2482 | D:2      | Found a glowing golden altar of the Shining One.
  2684 | D:3      | Found a burning altar of Makhleb.
  2939 | D:3      | Found a glowing silver altar of Zin.
  3067 | D:3      | Reached XP level 5. HP: 40/41 MP: 7/9
  3484 | D:4      | Reached skill level 4 in Fire Magic
  3492 | D:4      | Found a basalt altar of Yredelemnul.
  3528 | D:4      | Noticed Duvessa
  3528 | D:4      | Noticed Dowan
  3655 | D:4      | Noticed an ogre
  3685 | D:4      | HP: 2/42 [poisoned by a worker ant]
  3689 | D:4      | Slain by Duvessa

Illustrated notes

Levels and vault maps discovered:
D:1:      saegor_arrival_simple_a, layout_basic
D:2:      layout_basic, nicolae_tso_swordbearing_angel,
          grunt_temple_overflow_cloverleaf, minmay_pentomino_u4
D:3:      layout_basic, overflow_temple_1_default, lightli_temple_of_fire,
          first_ration
D:4:      layout_basic, kennysheep_mini, lemuel_doored_altar,
          grunt_decor_arrowhead, hangedman_abyss_or_decor_passed, uniq_duvessa

Skill      XL: |  1  2  3  4  5 |
---------------+----------------+-----
Fighting       | 1 2 |  2.6
Conjurations   | 2 3 |  3.2
Spellcasting   | 3 |  3.1
Fire Magic     | 4 |  4.3
Dodging        | |  1.7
Stealth        | |  1.7

Action                   |  1- 3 |  4- 6 || total
-------------------------+-------+-------++-------
Melee: Unarmed           |    13 |       ||    13
       Whip              |    42 |    67 ||   109
       Tailslap          |     6 |     6 ||    12
Throw: Stone             |       |     1 ||     1
 Cast: Foxfire           |    36 |    55 ||    91
  Use: Potion            |       |     1 ||     1
 Stab: Sleeping          |     1 |     1 ||     2
  Eat: Chunk             |     3 |     6 ||     9
Armor: Skin              |    15 |    34 ||    49
Dodge: Dodged            |    42 |    84 ||   126
